 Dungeon Crawl Stone Soup version 0.31-a0-716-gc7603755dd (webtiles) character file.

Game seed: 14732801664410673895

22 Shayle the Changeling (level 2, -4/28 HPs)
             Began as an Ogre Shapeshifter on Sept 11, 2023.
             Slain by Natasha (7 damage)
             ... on level 2 of the Dungeon.
             The game lasted 00:02:22 (977 turns).

Shayle the Changeling (Ogre Shapeshifter)            Turns: 977, Time: 00:02:23

Health: -4/28      AC:  3    Str: 17    XL:     2   Next: 91%
Magic:  3/3        EV:  9    Int: 11    God:
Gold:   49         SH:  0    Dex:  8    Spells: 3/3 levels left

rFire   . .          .
                       - Unarmed
rCold   . . .        (no shield)
rNeg    . . .        a - +0 animal skin
rPois   .            (helmet currently unavailable)
rElec   .            (cloak currently unavailable)
rCorr   .            (gloves unavailable)
SInv    .            (boots unavailable)
Will    .....        (no amulet)
Stlth   +            (no ring)
HPRegen 0.24/turn    (no ring)
MPRegen 0.08/turn

%: no passive effects
@: beast-form, slowed, very slow
A: beast (slay +1), large, unfitting armour, tough skin 1
a: Begin Untransformation


You were on level 2 of the Dungeon.
You were a hulking beast.
You visited 1 branch of the dungeon, and saw 2 of its levels.

You collected 49 gold pieces.

Inventory:

Missiles
 g - 3 throwing nets
Armour
 a - a +0 animal skin (worn)
Talismans
 c - a beast talisman (active)
 d - a flux talisman
Scrolls
 h - a scroll of blinking {unknown}
 i - a scroll of poison {unknown}
 j - a scroll of teleportation {unknown}
 k - a scroll of identify {unknown}
Potions
 b - a potion of lignification
 e - 2 potions of might {unknown}
 f - a potion of curing {unknown}


   Skills:
 + Level 2.1 Fighting
 - Level 1.7 Dodging
 - Level 3.0 Unarmed Combat
 + Level 1.1 Spellcasting
 + Level 3.2 Shapeshifting


You had 3 spell levels left.
You didn't know any spells.
Your spell library was empty.

Dungeon Overview and Level Annotations

Branches:
Dungeon (2/15)

Altars:

Shops:
D:1 *

Annotations:
D:2 Natasha


Innate Abilities, Weirdness & Mutations

You are a hulking beast.
Your limbs bulge with bestial killing power. (Slay +1)
You are too large for most types of armour.
You have tough skin. (AC +1)


Message History

You barely miss the kobold. The kobold closely misses you.
You barely miss the kobold. The kobold hits you with a +0 club.
You hit the kobold but do no damage. The kobold hits you with a +0 club.
You closely miss the kobold. The kobold barely misses you.
You hit the kobold.
You kill the kobold!
Things that are here:
a +0 club; 5 stones; a kobold corpse
Things that are here:
a +0 club; 5 stones; a kobold corpse
k - a scroll labelled DOLEICR ANTI HP restored.
Found a club.
You now have 49 gold pieces (gained 10).
You see here a +0 club.
Natasha and a goblin come into view.
The goblin is wielding the +10 dagger "Bitulyta" {drain, rPois}.
The goblin shouts!
Natasha mumbles some strange words.
Natasha stares at you and mumbles some strange words.
You feel yourself slow down.
You see here a +0 club.
Natasha casts a spell at you. You resist with significant effort.
You closely miss Natasha. Natasha barely misses you.
The cerulean imp hits you from afar with a +1 spear.
You closely miss Natasha. Natasha barely misses you.
The cerulean imp hits you from afar with a +1 spear.
Natasha claws you.
You closely miss Natasha. The cerulean imp closely misses you.
Natasha claws you.
* * * LOW HITPOINT WARNING * * *
The cerulean imp hits you from afar with a +1 spear.
* * * LOW HITPOINT WARNING * * *
You punch Natasha!
Natasha is heavily wounded.
The cerulean imp disappears in a puff of smoke!
Natasha claws you!
You die...
Natasha begins licking her fur clean.

.. .....≈≈ .. #.#.#.≈≈# ## #.
#.#.#.≈≈# .. #. #.#...≈# .# #
##.#################.#...≈# ..#≈≈
..........##.............≈##..#≈≈
#..g......g............#).#.# #≈≈
#..######.##.######....#.[.####≈≈
#.. #.....ghh..........#≈≈≈≈≈ #..
#############..#.#..≈≈≈≈≈ #..
#..#.##...≈≈≈


#hg ##.#.####.... #5. #.#.# ###.. #.. #.#.# ### #.#.# #.#.# #.#)# You could see
Natasha and a goblin.

Vanquished Creatures
  A bat (D:1)
  3 endoplasms (D:1)
  2 giant cockroaches (D:1)
  A goblin (D:1)
  2 hobgoblins (D:1)
  4 kobolds
  2 quokkas (D:1)
  2 frilled lizards (D:1)
  2 rats (D:1)
19 creatures vanquished.

Notes
Turn   | Place    | Note
-------+----------+-------------------------------------------
     0 | D:1      | Shayle the Ogre Shapeshifter began the quest for the Orb.
     0 | D:1      | Reached XP level 1. HP: 19/19 MP: 1/1
    72 | D:1      | Reached XP level 2. HP: 24/28 MP: 2/2
   451 | D:1      | Found Mirphy Ynase's General Store.
   463 | D:1      | Reached skill level 1 in Spellcasting
   960 | D:2      | Noticed Natasha
   960 | D:2      | Identified the +10 dagger "Bitulyta" {drain, rPois}
   977 | D:2      | Slain by Natasha

Illustrated notes

Levels and vault maps discovered:
D:1:      onia_arrival_pentagram, layout_basic, serial_shops,
          nicolae_shop_window_shopping, amcnicky_mini_pool_small
D:2:      cheibrodos_fertilizer, layout_loops_ring, serial_shops,
          nicolae_shop_hallway_plus, grunt_decor_junction, st_stairs_5,
          serial_bayou_pond_c, uniq_natasha

Skill      XL: |  1  2 |
---------------+-------+-----
Fighting       | 2 |  2.1
Spellcasting   | 1 |  1.1
Unarmed Combat | 3 |  3.0
Dodging        | |  1.7
Shapeshifting  | |  3.2

Action                     || total
---------------------------++-------
  Melee: Unarmed           ||    56
         Punch             ||     1
   Stab: Sleeping          ||     1
 Armour: Animal skin       ||    34
  Dodge: Dodged            ||    20

Table legend: (Time is in decaauts)
 A = Elapsed time spent in this place.
 B = Non-inter-level travel time spent in this place.
 C = Inter-level travel time spent in this place.
 D = Time resting spent in this place.
 E = Time spent auto-exploring this place.
 F = Levels seen in this place.
 G = Mean time per level.
                   A        B        C        D        E       F      G
               +--------+--------+--------+--------+--------+-----+--------+
         Total |    978 |    946 |     32 |      0 |    693 |   2 |  489.0 |
       Dungeon |    978 |    946 |     32 |      0 |    693 |   2 |  489.0 |
               +--------+--------+--------+--------+--------+-----+--------+

Top non-repeatable levels by time:
     D:1: 876 daAuts
     D:2: 101 daAuts
